 Dungeon Crawl Stone Soup version 0.31.0-12-g77e489cdc1 (webtiles) character file.

Game seed: 18115143416842144171

24905 sking99 the Mimic (level 12, -4/103 HPs)
             Began as a Black Draconian Shapeshifter on Feb 29, 2024.
             Was a Follower of Qazlal.
             Slain by a yak (5 damage)
             ... on level 2 of the Lair of Beasts.
             The game lasted 00:32:11 (12515 turns).

sking99 the Mimic (Black Draconian Shapeshifter)   Turns: 12515, Time: 00:32:11

Health: -4/103     AC: 10    Str: 21    XL:     12   Next: 84%
Magic:  18/18      EV: 12    Int: 10    God:    Qazlal [*.....]
Gold:   1311       SH: 17    Dex: 12    Spells: 9/11 levels left

rFire   + .          .
                       - Unarmed
rCold   . . .        l - +1 tower shield
rNeg    . . .        (body armour unavailable)
rPois   .            (helmet restricted)
rElec   +            i - +0 cloak
rCorr   .            m - +0 pair of gloves
SInv    .            (no boots)
Will    .....        t - amulet of regeneration
Stlth   +++          g - ring of Shadows {Umbra +Inv Stlth+}
HPRegen 1.17/turn    I - ring of protection from fire
MPRegen 0.16/turn

%: no passive effects
@: short of breath, maw-form, wreathed by umbra, studying 2 skills
A: devouring maw, breathe lightning, AC +8, unfitting armour, electricity
resistance, cold-blooded
a: Breathe Lightning, Begin Untransformation, Renounce Religion, Evoke
Invisibility


You were on level 2 of the Lair of Beasts.
You worshipped Qazlal.
Qazlal was aware of your devotion.
You were a creature with a mouth for a stomach.
You visited 3 branches of the dungeon, and saw 14 of its levels.
You also visited: Trove and Sewer.

You collected 1311 gold pieces.

Inventory:

Missiles
 B - 3 throwing nets (quivered)
Armour
 e - an orb of mayhem
 i - a +0 cloak (worn)
 l - a +1 tower shield (worn)
 m - a +0 pair of gloves (worn)
Jewellery
 a - a ring of wizardry
 f - a ring of magical power
 g - the ring of Shadows (left hand) {Umbra +Inv Stlth+}
   (You found it in a sewer)

   [ring of stealth]

   Umbra:     It surrounds you with an aura of shadow, increasing your stealth
   and reducing the accuracy of all others within it.
   +Inv:      It lets you turn invisible.
   Stlth+:    It makes you more stealthy.
 t - an amulet of regeneration (around neck)
 I - a ring of protection from fire (right hand)
 T - an amulet of the acrobat
Talismans
 b - a beast talisman
 c - a flux talisman
 k - a serpent talisman
 L - a maw talisman (active)
Wands
 r - a wand of flame (43)
 u - a wand of paralysis (34)
 E - a wand of roots (5)
 F - a wand of mindburst (19)
 G - a wand of light (1)
 M - a wand of digging (4)
Scrolls
 d - 3 scrolls of enchant armour
 s - 3 scrolls of revelation
 w - 3 scrolls of fog
 x - a scroll of vulnerability
 y - a scroll of immolation
 C - a scroll of fear
 D - a scroll of noise
 N - 4 scrolls of enchant weapon {unknown}
 O - 2 scrolls of blinking {unknown}
 P - a scroll of torment {unknown}
 Q - 3 scrolls of teleportation
 S - a scroll of poison {unknown}
Potions
 h - 8 potions of curing
 j - a potion of berserk rage
 n - 3 potions of enlightenment
 o - 3 potions of lignification
 p - 2 potions of mutation
 q - a potion of ambrosia
 v - a potion of magic
 z - 3 potions of attraction
 A - a potion of might
 H - 2 potions of brilliance {unknown}
 J - 2 potions of haste
 K - 2 potions of heal wounds {unknown}
 R - a potion of invisibility {unknown}
Miscellaneous
 U - a phial of floods


   Skills:
 + Level 8.9 Fighting
 + Level 7.5 Dodging
 + Level 7.9 Shields
 + Level 10.8 Unarmed Combat
 + Level 8.5 Invocations
 - Level 11.0 Shapeshifting


You had 9 spell levels left.
You knew the following spells:

 Your Spells              Type           Power      Damage    Failure   Level
a - Blink                 Tloc           0%         N/A       95%         2

Your spell library contained the following spells:

 Spells                   Type           Power      Damage    Failure   Level
 Kiss of Death            Conj/Necr      0%         2d5       88%         1
 Magic Dart               Conj           0%         1d3       88%         1
 Slow                     Hex            0%         N/A       88%         1
 Sting                    Conj/Alch      0%         1d3       88%         1
 Call Imp                 Summ           0%         N/A       95%         2
 Cigotuvi's Dreadful Rot  Necr/Alch/Air  0%         N/A       95%         2
 Jinxbite                 Hex            0%         N/A       95%         2
 Mercury Vapours          Alch/Air       0%         N/A       95%         2
 Confusing Touch          Hex            0%         N/A       99%         3
 Dazzling Flash           Conj/Hex       0%         N/A       99%         3
 Frozen Ramparts          Ice            0%         1d1       99%         3
 Mephitic Cloud           Conj/Alch/Air  0%         N/A       99%         3
 Sigil of Binding         Hex            0%         N/A       99%         3
 Tukima's Dance           Hex            0%         N/A       99%         3
 Vampiric Draining        Necr           0%         2d6       99%         3
 Volatile Blastmotes      Fire/Tloc      0%         2d10      99%         3
 Anguish                  Hex/Necr       0%         N/A       100%        4
 Dispel Undead            Necr           0%         3d6       100%        4
 Leda's Liquefaction      Alch/Erth      0%         N/A       100%        4
 Manifold Assault         Tloc           0%         N/A       100%        4
 Martyr's Knell           Necr/Summ      0%         N/A       100%        4
 Passage of Golubria      Tloc           0%         N/A       100%        4
 Petrify                  Alch/Erth      0%         N/A       100%        4
 Freezing Cloud           Conj/Ice/Air   0%         6-21      100%        5
 Metabolic Englaciation   Hex/Ice        0%         N/A       100%        5
 Yara's Violent Unravell  Hex/Alch       0%         3d3       100%        5
 Dispersal                Tloc           0%         N/A       100%        6
 Starburst                Conj/Fire      0%         6d3       100%        6
 Enfeeble                 Hex            0%         N/A       100%        7
 Borgnjor's Revivificati  Necr           0%         N/A       100%        8
 Disjunction              Tloc           0%         N/A       100%        8
 Maxwell's Capacitive Co  Air            0%         ∞         100%        8


Dungeon Overview and Level Annotations

Branches:
Dungeon (11/15)            Temple (1/1) D:7            Lair (2/5) D:11
  Sewer (visited)
  Swamp: Lair:2-3    Shoals: Lair:2-3     Snake: Lair:2-3    Spider: Lair:2-3
    Orc: D:9-12

Altars:
Ashenzari
Cheibriados
Dithmenos
Elyvilon
Fedhas
Gozag
Hepliaklqana
Kikubaaqudgha
Makhleb
Nemelex Xobeh
Okawaru
Qazlal
Ru
Sif Muna
Trog
Uskayaw
Vehumet
Wu Jian
Xom
Yredelemnul
Zin
The Shining One

Shops:
D:5 [


Innate Abilities, Weirdness & Mutations

You are a creature with a mouth for a stomach.
Your midsection houses a second, enormous mouth.
You can breathe wild blasts of lightning.
Your glossy black scales are hard. (AC +8)
You cannot fit into any form of body armour.
You are resistant to electric shocks. (rElec)
You are cold-blooded and may be slowed by cold attacks.


Message History

The eight-headed hydra closely misses you.
The yak misses you.
You barely miss the eight-headed hydra. You bite the eight-headed hydra!
The eight-headed hydra is heavily wounded.
You block the eight-headed hydra's attack.
The eight-headed hydra bites you.
You block the eight-headed hydra's attack.
The eight-headed hydra closely misses you.
The eight-headed hydra misses you. The eight-headed hydra bites you!
The eight-headed hydra bites you but does no damage.
The eight-headed hydra bites you!
* * * LOW HITPOINT WARNING * * *
You block the yak's attack.
You are confused.
You feel invigorated.
The eight-headed hydra bites you but does no damage.
The eight-headed hydra bites you!
* * * LOW HITPOINT WARNING * * *
The eight-headed hydra bites you!
* * * LOW HITPOINT WARNING * * *
The eight-headed hydra barely misses you. x3
The eight-headed hydra bites you but does no damage.
The eight-headed hydra closely misses you.
The yak is engulfed in blazing flames.
The yak snorts and paws the ground.
The yak gores you.
* * * LOW HITPOINT WARNING * * *
The yak gores you but does no damage. The yak barely misses you.
You are too confused!
You feel better.
You feel less invigorated.
The eight-headed hydra bites you but does no damage.
You block the eight-headed hydra's attack. x3
The eight-headed hydra bites you!
* * * LOW HITPOINT WARNING * * *
The eight-headed hydra bites you!
* * * LOW HITPOINT WARNING * * *
The eight-headed hydra bites you but does no damage.
You block the eight-headed hydra's attack.
The yak is engulfed in blazing flames.
The yak gores you.
You die...

.......###....######
#..##....#....##...###
.....#.#..##..##.....##
.......##.....##......#
8...8...#.....###.....##
..>.....#.......#.#P...#
8...8......#....###....#
......Y#................
...Y.YDW○..#...#........
.#.#..YY.##.............
.......#................
......#...........#.....
#....#...........#.#.#..
#P................######
##...............## ...
...........## .........#
####


You could see an eight-headed hydra and 5 yaks.

Vanquished Creatures
  A two-headed ogre (D:9)
  A boulder beetle (Lair:2)
  Pikel (D:8)
  3 deep elf pyromancers (D:10)
  A manticore (D:11)
  Maurice (D:7)
  5 elephants (Lair:1)
  Joseph (D:9)
  2 black mambas
  3 cane toads
  Maggie (D:9)
  Jeremiah (D:8)
  2 kobold demonologists (D:11)
  A komodo dragon (Lair:1)
  4 trolls
  Prince Ribbit (D:8)
  4 blink frogs (Lair:1)
  2 vampires (D:10)
  2 wyverns
  47 yaks
  A shadow (D:11)
  3 acid dragons
  4 water moccasins
  4 orc warriors
  An ice beast (D:6)
  A black bear (D:8)
  2 ogres
  11 wolves (Lair:1)
  15 centaurs
  3 phantoms
  2 gnoll sergeants (D:9)
  11 bullfrogs
  5 scorpions
  8 wights
  6 killer bees (D:9)
  2 howler monkeys
  A bombardier beetle (D:5)
  2 jellies
  7 orc priests
  2 gnoll boudas
  6 hounds
  3 iguanas
  A sleepcap (D:5)
  6 orc wizards
  9 hell rats
  Robin (D:4)
  17 gnolls
  17 adders
  8 river rats
  A shadow imp (D:7)
  A white imp (D:7)
  2 ribbon worms
  9 dart slugs
  36 orcs
  23 ball pythons
  17 endoplasms
  14 giant cockroaches
  10 goblins
  14 hobgoblins
  6 jackals
  8 kobolds
  3 quokkas
  8 bats
  11 frilled lizards
  6 rats
412 creatures vanquished.

Notes
Turn   | Place    | Note
-------+----------+-------------------------------------------
     0 | D:1      | sking99 the Draconian Shapeshifter began the quest for the
                  | Orb.
     0 | D:1      | Reached XP level 1. HP: 16/16 MP: 1/1
    10 | D:1      | You fall into a shaft and drop 1 floor!
    10 | D:2      | Found a shimmering altar of Xom.
    24 | D:2      | Reached XP level 2. HP: 23/23 MP: 2/2
   219 | D:2      | Reached XP level 3. HP: 28/28 MP: 3/3
  1010 | D:2      | Reached skill level 5 in Unarmed Combat
  1010 | D:2      | Reached XP level 4. HP: 35/35 MP: 4/4
  1561 | D:3      | Reached XP level 5. HP: 26/40 MP: 5/5
  1779 | D:3      | Found a faded altar of an unknown god.
  1802 | D:3      | Prayed at the altar of an unknown god.
  2227 | D:4      | Noticed a phantom
  2229 | D:4      | Found a stormy altar of Qazlal.
  2248 | D:4      | Killed a phantom
  2249 | D:4      | Reached XP level 6. HP: 31/47 MP: 6/6
  2360 | D:4      | Became a worshipper of Qazlal Stormbringer
  2594 | D:4      | Noticed Robin
  2793 | D:4      | Killed Robin
  3013 | D:4      | Reached skill level 1 in Shields
  3013 | D:4      | Reached skill level 1 in Invocations
  3013 | D:4      | Your scales start taking on a glossy black colour.
  3013 | D:4      | Reached XP level 7. HP: 55/55 MP: 6/8
  3013 | D:4      | Gained mutation: You are resistant to electric shocks.
                  | (rElec) [Black Draconian growth]
  3188 | D:5      | Entered Level 5 of the Dungeon
  3308 | D:5      | Reached * piety under Qazlal
  3326 | D:5      | Found a glowing drain.
  3332 | Sewer    | Entered a sewer
  3540 | Sewer    | Reached ** piety under Qazlal
  3679 | Sewer    | Found the ring of Shadows {Umbra +Inv Stlth+}
  4119 | D:5      | Reached *** piety under Qazlal
  4129 | D:5      | Reached XP level 8. HP: 38/63 MP: 10/10
  4171 | D:5      | Found a broken altar of Ashenzari.
  4258 | D:5      | Found Caass's Armour Shoppe.
  4328 | D:5      | Found a glowing silver altar of Zin.
  4371 | D:5      | Found an ornate altar of the Wu Jian Council.
  4378 | D:5      | Found a basalt altar of Yredelemnul.
  4378 | D:5      | Found a blossoming altar of Fedhas.
  4792 | D:6      | Reached skill level 4 in Shapeshifting
  4889 | D:6      | Reached skill level 5 in Shapeshifting
  5009 | D:6      | Reached XP level 9. HP: 71/71 MP: 11/11
  5168 | D:6      | Reached skill level 6 in Shapeshifting
  5917 | D:7      | Reached skill level 7 in Shapeshifting
  6118 | D:7      | Reached skill level 8 in Shapeshifting
  6169 | D:7      | Found a staircase to the Ecumenical Temple.
  6206 | Temple   | Entered the Ecumenical Temple
  6258 | D:7      | Noticed Maurice
  6267 | D:7      | Paralysed by something for 2 turns
  6268 | D:7      | Killed Maurice
  6269 | D:7      | Reached skill level 9 in Shapeshifting
  6536 | D:7      | Identified the staff "Ipeyphuq" {rF+ rCorr Fire}
  7115 | D:8      | Noticed Jeremiah
  7118 | D:8      | Killed Jeremiah
  7130 | D:8      | Reached XP level 10. HP: 70/78 MP: 9/12
  7142 | D:8      | Reached skill level 10 in Shapeshifting
  7213 | D:8      | Noticed Prince Ribbit
  7217 | D:8      | Killed Prince Ribbit
  7338 | D:8      | Noticed Pikel
  7347 | D:8      | Killed Pikel
  7629 | D:8      | Found a hide-covered altar of Uskayaw.
  7858 | D:9      | Reached skill level 5 in Fighting
  7864 | D:9      | Reached skill level 5 in Invocations
  7946 | D:9      | Noticed Maggie
  7948 | D:9      | Killed Maggie
  8007 | D:9      | Reached skill level 5 in Dodging
  8010 | D:9      | Reached skill level 5 in Shields
  8105 | D:9      | Reached XP level 11. HP: 75/89 MP: 15/15
  8511 | D:9      | Noticed a two-headed ogre
  8515 | D:9      | Killed a two-headed ogre
  8517 | D:9      | Noticed Joseph
  8528 | D:9      | Killed Joseph
  8833 | D:10     | Entered Level 10 of the Dungeon
  8948 | D:10     | Noticed a deep elf pyromancer
  8956 | D:10     | Killed a deep elf pyromancer
  9147 | D:10     | Noticed a deep elf pyromancer
  9153 | D:10     | Killed a deep elf pyromancer
  9185 | D:10     | Noticed a deep elf pyromancer
  9190 | D:10     | Killed a deep elf pyromancer
  9345 | D:10     | Found an opulent altar of Gozag.
  9401 | D:10     | Found a glowing golden altar of the Shining One.
 10211 | D:11     | Reached XP level 12. HP: 100/100 MP: 3/17
 10216 | D:11     | Reached skill level 10 in Unarmed Combat
 10653 | D:11     | Found a portal to a secret trove of treasure.
 10656 | D:11     | Found a staircase to the Lair.
 10670 | Trove    | Entered a treasure trove
 10683 | Trove    | Got Sif Muna's Elucidation of the Lethal Snake
 11198 | D:11     | Learned a level 2 spell: Blink
 11199 | Lair:1   | Entered Level 1 of the Lair of Beasts
 11522 | Lair:1   | Reached skill level 11 in Shapeshifting
 12351 | Lair:2   | Noticed a boulder beetle
 12398 | Lair:2   | Killed a boulder beetle
 12440 | Lair:2   | Noticed an eight-headed hydra
 12515 | Lair:2   | HP: 1/103 [eight-headed hydra (13)]
 12515 | Lair:2   | Slain by a yak

Illustrated notes

Levels and vault maps discovered:
D:1:      enne_arrival_octagon_isle, layout_basic
D:2:      layout_rooms, basic_altar, chequers_serial_rivers_micro_e
D:3:      minmay_chambers_of_twos, layout_loops_ring, basic_ecumenical_altar
D:4:      layout_rooms, mainiacjoe_overflow_chevrons, uniq_robin
D:5:      layout_rooms, zin_treasury, gammafunk_temple_overflow_forgotten,
          cheibrodos_ashenzari_chains, serial_shops, nicolae_shop_behind_doors,
          portal_sewer_entry_e
D:6:      layout_loops_corners, centaur_isle
D:7:      layout_basic, minmay_temple_entry_statues, uniq_maurice
D:8:      layout_loops_ring, eat_drink_and_be_merry_uskayaw, uniq_jeremiah,
          uniq_pikel, uniq_prince_ribbit1
D:9:      layout_irregular_city, uniq_joseph, uniq_maggie
D:10:     layout_basic, amcnicky_altar_gilded, tso_altar, serial_library,
          serial_library_hellmonk_reading_circle,
          serial_library_regret_index_small_wings,
          serial_library_hellmonk_octagon, serial_library_hellmonk_u_bend,
          serial_library_hellmonk_room_b, serial_library_hellmonk_room_b
D:11:     minmay_goldmine, layout_long_grid, lair_entry_dummy, enter_trove_1
Temple:   nicolae_temple_ecumenical_triangle
Lair:1:   layout_loops_ring
Lair:2:   layout_cave_pods, kennysheep_rathole, grunt_megastairs_2

Skill      XL: |  1  2  3  4  5  6  7  8  9 10 11 12 |
---------------+-------------------------------------+-----
Unarmed Combat | 4 5 7 8 9 10 | 10.8
Dodging        | 2 3 5 6 7 |  7.5
Fighting       | 2 3 4 5 7 8 |  8.9
Shields        | 1 2 3 5 6 7 |  7.9
Invocations    | 1 3 5 7 8 |  8.5
Shapeshifting  | 5 9 10 11 | 11.0

Action                     |  1- 3 |  4- 6 |  7- 9 | 10-12 || total
---------------------------+-------+-------+-------+-------++-------
  Melee: Unarmed           |    84 |   207 |   412 |   619 ||  1322
         Tailslap          |     5 |    19 |    49 |    58 ||   131
         Punch             |       |     7 |    13 |       ||    20
         Constrict         |       |       |       |    60 ||    60
         Maw               |       |       |       |   155 ||   155
 Invoke: Upheaval          |       |       |    11 |    14 ||    25
Ability: Breathe Lightning |       |       |     1 |     1 ||     2
    Use: Potion            |     1 |       |       |     2 ||     3
         Scroll            |       |       |    11 |     9 ||    20
   Stab: Sleeping          |       |     1 |       |       ||     1
 Armour: Skin              |    36 |   117 |   197 |   382 ||   732
  Dodge: Dodged            |    49 |   150 |   218 |   274 ||   691
  Block: Other             |       |       |    41 |    15 ||    56
         Tower shield      |       |       |   107 |   507 ||   614
   Form: Serpent           |       |       |       |     1 ||     1
         Maw               |       |       |       |     1 ||     1
